 Dungeon Crawl Stone Soup version 0.19.5 (webtiles) character file.

2467 Lilleppy the Grappler (level 9, -1/84 HPs)
             Began as a Troll Fighter on Mar 24, 2017.
             Was an Initiate of Fedhas.
             Engulfed by a smoke demon's steam (9 damage)
             ... created by the fury of Makhleb
             ... on level 7 of the Dungeon.
             The game lasted 00:19:49 (5608 turns).

Lilleppy the Grappler (Troll Fighter)               Turns: 5608, Time: 00:19:50

Health: -1/84      AC:  6    Str: 28    XL:     9   Next: 26%
Magic:  8/8        EV: 10    Int: 10    God:    Fedhas [......]
Gold:   226        SH: 10    Dex:  9    Spells: 0 memorised, 8 levels left

rFire  . . .     SeeInvis .       - Unarmed
rCold  . . .     Gourm    +     x - +0 robe
rNeg   . . .     Faith    .     b - +0 shield
rPois  .         Spirit   .     (helmet restricted)
rElec  .         Reflect  .     n - +0 cloak
rCorr  .         Harm     .     (gloves unavailable)
MR     +....                    (boots unavailable)
Stlth  +.........               p - amulet of rage
                                (no ring)
                                s - ring of protection from magic

@: brilliant
A: unfitting armour, claws 3, fast metabolism 3, gourmand, regeneration 1,
shaggy fur 1, tough skin 2
a: Fungal Bloom, Renounce Religion, Evoke Berserk Rage


You were on level 7 of the Dungeon.
You worshipped Fedhas.
Fedhas was noncommittal.
You were not hungry.

You visited 2 branches of the dungeon, and saw 8 of its levels.

You collected 226 gold pieces.

Inventory:

Armour
 b - a +0 shield (worn)
 n - a +0 cloak (worn)
 x - a +0 robe (worn)
Jewellery
 p - an amulet of rage (around neck)
 r - an uncursed amulet of the gourmand
 s - a ring of protection from magic (left claw)
 y - a cursed ring of teleportation {unknown}
 D - an uncursed ring of wizardry {unknown}
 L - a cursed ring of teleportation {unknown}
Wands
 u - a wand of polymorph (7/24)
 G - a wand of polymorph (9/24)
Scrolls
 f - 3 scrolls of random uselessness {unknown}
 j - 4 scrolls of teleportation {unknown}
 l - 6 scrolls of remove curse {unknown}
 m - 3 scrolls of fear {unknown}
 o - 6 scrolls of identify {unknown}
 q - a scroll of enchant weapon {unknown}
 v - a scroll of recharging {unknown}
 z - 2 scrolls of magic mapping {unknown}
 A - 2 scrolls of amnesia {unknown}
 F - a scroll of enchant armour {unknown}
Potions
 c - 2 potions of mutation {unknown}
 e - 2 potions of agility {unknown}
 h - 3 potions of berserk rage {unknown}
 k - a potion of curing
 C - a potion of flight {unknown}
 E - a potion of lignification {unknown}
 I - a potion of magic {unknown}
 J - a potion of degeneration {unknown}
Books
 w - a book of Cantrips

   Spells                             Type                      Level
   a - Confusing Touch                Hexes                        1
   b - Animate Skeleton               Necromancy                   1
   c - Summon Small Mammal            Summoning                    1
   d - Apportation                    Translocation                1
 B - a book of Misfortune

   Spells                             Type                      Level
   a - Confusing Touch                Hexes                        1
   b - Confuse                        Hexes                        3
   c - Gell's Gravitas                Hexes/Translocation          3
   d - Petrify                        Transmutation/Earth          4
   e - Metabolic Englaciation         Hexes/Ice                    5
   f - Yara's Violent Unravelling     Hexes/Transmutation          5
 K - a book of Geomancy

   Spells                             Type                      Level
   a - Sandblast                      Earth                        1
   b - Passwall                       Transmutation/Earth          2
   c - Stone Arrow                    Conjuration/Earth            3
   d - Petrify                        Transmutation/Earth          4
   e - Lee's Rapid Deconstruction     Earth                        5
Comestibles
 d - 5 bread rations
 g - 3 meat rations
 i - a royal jelly
 t - 3 fruits


   Skills:
 + Level 3.9 Fighting
 + Level 5.6 Dodging
 + Level 1.3 Stealth
 + Level 5.3 Shields
 + Level 8.4 Unarmed Combat
 + Level 0.2 Evocations


You had 8 spell levels left.
You didn't know any spells.

Dungeon Overview and Level Annotations

Branches:
Dungeon (7/15)             Temple (1/1) D:7

Altars:
Cheibriados
Dithmenos
Elyvilon
Fedhas
Gozag
Hepliaklqana
Kikubaaqudgha
Makhleb
Nemelex Xobeh
Okawaru
Qazlal
Ru
Sif Muna
Trog
Uskayaw
Vehumet
Xom
Yredelemnul
Zin
The Shining One

Shops:
D:5 ?   D:6 :


Innate Abilities, Weirdness & Mutations

You are too large for most types of armour.
You have claws for hands.
Your metabolism is lightning-fast.
You like to eat raw meat.
Your natural rate of healing is unusually fast.
You are covered in fur. (AC +1)
You have very tough skin. (AC +2)


Message History

The smoke demon barely misses you.
The ynoxinul gestures.
You barely miss the ynoxinul. The smoke demon closely misses you.
The smoke demon misses you. The smoke demon barely misses you.
You block the ynoxinul's attack. The ufetubus closely misses you.
The ufetubus hits you. The ufetubus closely misses you.
The ufetubus hits you but does no damage.
You closely miss the ynoxinul. The ufetubus hits you.
The ufetubus hits you but does no damage.
You block the ufetubus's attack. x2
The smoke demon gestures at you. The ball of steam hits you!
* * * LOW HITPOINT WARNING * * *
The ynoxinul hits you.
* * * LOW HITPOINT WARNING * * *
You scratch the ynoxinul.
The ynoxinul is lightly wounded.
You are engulfed in a cloud of scalding steam.
You die...
Fedhas appreciates your contribution to the ecosystem.

.≈≈≈≈≈≈...≈≈≈≈≈≈.##)####.......
.≈≈≈≈≈≈.>.≈≈≈≈≈≈.##)##.......#
.≈≈≈≈≈≈...≈≈≈≈≈≈.##.##.#...#.#
..≈≈≈≈≈≈≈≈≈≈≈≈≈.....##.#...#.#
....≈≈≈≈≈≈≈≈≈..............#.#
......≈≈≈≈≈....5.##..#..##.#.##
.............555.##..#........#
...........##.#3#3.........##.###
###...#######.##@##..##.##.......
##### #..§55...##.##.##..##
#§§..........<.##..##
#.##...####........## #.###..#
#.######.## #.###<.# # #...
#......# #### #......# # #.###>.#
#


You could see a smoke demon, a ynoxinul and 6 ufetubi.

Vanquished Creatures
  Pikel (D:4)
  The ghost of antares the Spear-Bearer, a novice MfGl of Okawaru (D:5)
  The ghost of antares the Poker, a novice MfGl (D:4)
  An orange demon (D:7)
  Sigmund (D:4)
  A steam dragon (D:7)
  An orc warrior (D:7)
  A sky beast (D:6)
  An ogre (D:6)
  A phantom (D:4)
  A water moccasin skeleton (D:6)
  A scorpion (D:6)
  A hound (D:4)
  2 jellies
  Crazy Yiuf (D:2)
  An orc priest (D:5)
  An orc wizard (D:5)
  Jessica (D:2)
  4 worker ants
  Ijyb (D:2)
  4 gnolls (D:2)
  9 adders
  An ooze (D:5)
  2 adder zombies
  4 worms
  A dart slug (D:1)
  8 leopard geckos
  17 orcs
  4 giant cockroaches
  8 goblins
  7 hobgoblins
  4 jackals
  7 quokkas
  2 ball pythons
  8 bats
  6 frilled lizards
  5 kobolds
  4 rats
125 creatures vanquished.

Vanquished Creatures (others)
  An adder (D:4)
  7 toadstools (D:7)
8 creatures vanquished.

Grand Total: 133 creatures vanquished

Notes
Turn   | Place    | Note
-------+----------+-------------------------------------------
     0 | D:1      | Lilleppy the Troll Fighter began the quest for the Orb.
     0 | D:1      | Reached XP level 1. HP: 22/22 MP: 0/0
   708 | D:1      | Reached XP level 2. HP: 29/29 MP: 1/1
  1041 | D:2      | Found a runed door.
  1113 | D:2      | Noticed Crazy Yiuf
  1123 | D:2      | Killed Crazy Yiuf
  1123 | D:2      | Reached XP level 3. HP: 19/36 MP: 2/2
  1279 | D:2      | Found a burning altar of Makhleb.
  1293 | D:2      | Became a worshipper of Makhleb the Destroyer
  1405 | D:2      | Reached XP level 4. HP: 40/44 MP: 3/3
  1699 | D:2      | Found a snail-covered altar of Cheibriados.
  1722 | D:2      | Noticed Ijyb
  1735 | D:2      | Killed Ijyb
  1777 | D:2      | Noticed Jessica
  1783 | D:2      | Killed Jessica
  1783 | D:2      | Reached skill level 3 in Unarmed Combat
  1783 | D:2      | Reached XP level 5. HP: 35/53 MP: 4/4
  1884 | D:2      | HP: 1/53 [gnoll/halberd (7)]
  2083 | D:3      | Reached * piety under Makhleb
  2913 | D:3      | Found a shadowy altar of Dithmenos.
  2913 | D:3      | Found an ancient bone altar of Kikubaaqudgha.
  3083 | D:3      | Reached ** piety under Makhleb
  3215 | D:4      | Found an opulent altar of Gozag.
  3241 | D:4      | Noticed a slave
  3242 | D:4      | Noticed a slave
  3245 | D:4      | Noticed Pikel
  3250 | D:4      | Noticed a slave
  3253 | D:4      | Noticed a slave
  3277 | D:4      | Killed Pikel
  3277 | D:4      | Reached skill level 5 in Unarmed Combat
  3277 | D:4      | Reached XP level 6. HP: 35/61 MP: 5/5
  3277 | D:4      | Reached XP level 7. HP: 39/67 MP: 6/6
  3296 | D:4      | Found a sacrificial altar of Ru.
  3481 | D:4      | Reached skill level 6 in Unarmed Combat
  3526 | D:4      | Found a hide-covered altar of Uskayaw.
  3526 | D:4      | Found a bloodstained altar of Trog.
  3526 | D:4      | Found a hazy altar of Hepliaklqana.
  3527 | D:4      | Noticed antares's ghost (novice MfGl)
  3527 | D:4      | Found a stormy altar of Qazlal.
  3555 | D:4      | Killed antares's ghost
  3555 | D:4      | Reached skill level 1 in Stealth
  3555 | D:4      | Reached XP level 8. HP: 40/75 MP: 7/7
  3613 | D:4      | Noticed Sigmund
  3629 | D:4      | Killed Sigmund
  3726 | D:5      | Entered Level 5 of the Dungeon
  3755 | D:5      | Found Cewophor's Magic Scroll Emporium.
  3831 | D:5      | Noticed antares's ghost (novice MfGl)
  3861 | D:5      | Killed antares's ghost
  3861 | D:5      | Reached skill level 5 in Dodging
  3861 | D:5      | Reached skill level 7 in Unarmed Combat
  3975 | D:5      | Reached skill level 5 in Shields
  4445 | D:5      | Found a deep blue altar of Sif Muna.
  4621 | D:6      | Paralysed by fainting for 11 turns
  4674 | D:6      | Reached XP level 9. HP: 84/84 MP: 8/8
  4721 | D:6      | Found an iron altar of Okawaru.
  4861 | D:6      | Found a sacrificial altar of Ru.
  4882 | D:6      | Reached skill level 8 in Unarmed Combat
  4912 | D:6      | Reached *** piety under Makhleb
  4945 | D:6      | Found Ublaosocs's Book Boutique.
  5186 | D:7      | Found a staircase to the Ecumenical Temple.
  5210 | Temple   | Entered the Ecumenical Temple
  5286 | Temple   | Fell from the grace of Makhleb
  5286 | Temple   | Became a worshipper of Fedhas Madash
  5481 | D:7      | Noticed an orange demon
  5491 | D:7      | Killed an orange demon
  5596 | D:7      | Noticed a smoke demon
  5608 | D:7      | Engulfed by a smoke demon's steam

Skill      XL: |  1  2  3  4  5  6  7  8  9 |
---------------+----------------------------+-----
Shields        | 3 4 5 |  5.3
Dodging        | 3 4 5 |  5.6
Fighting       | 3 |  3.9
Unarmed Combat | 3 5 6 7 8 |  8.4
Stealth        | 1 |  1.3
Evocations     | |  0.2

Action                   |  1- 3 |  4- 6 |  7- 9 || total
-------------------------+-------+-------+-------++-------
Melee: Unarmed           |    71 |   158 |   210 ||   439
Invok: Fungal Bloom      |       |       |     1 ||     1
 Abil: Evoke Berserk Rag |       |       |     1 ||     1
Evoke: Wand              |       |     1 |       ||     1
  Use: Potion            |       |     2 |     2 ||     4
 Stab: Invisible         |     2 |       |       ||     2
  Eat: Bread ration      |     2 |       |       ||     2
       Chunk             |    10 |    12 |    13 ||    35
       Meat ration       |       |       |     1 ||     1
       Fruit             |       |       |     1 ||     1
Armor: Robe              |    22 |    34 |    41 ||    97
       Skin              |       |     1 |       ||     1
Dodge: Dodged            |    22 |    43 |    85 ||   150
Block: Shield            |    25 |    56 |    94 ||   175
